 Dungeon Crawl Stone Soup version 0.24-a0-312-g16217b4 (webtiles) character file.

Game seed: 10583115191022748841

122 mhoghedin the Shield-Bearer (level 4, -1/38 HPs)
             Began as a Demigod Fighter on May 15, 2019.
             Slain by Grinder (5 damage)
             ... on level 3 of the Dungeon.
             The game lasted 00:03:15 (2035 turns).

mhoghedin the Shield-Bearer (Demigod Fighter)       Turns: 2035, Time: 00:03:16

Health: -1/38      AC:  6    Str: 21    XL:     4   Next: 50%
Magic:  6/6        EV:  8    Int: 17    God:
Gold:   77         SH:  9    Dex: 15    Spells: 3/3 levels left

rFire    + . .     SeeInvis .   j - +5 club
rCold    x . .     Gourm    .   c - +0 shield
rNeg     . . .     Faith    .   b - +0 scale mail
rPois    .         Spirit   .   (no helmet)
rElec    .         Reflect  .   (no cloak)
rCorr    .         Harm     .   (no gloves)
MR       .....                  (no boots)
Stlth    ..........             (no amulet)
HPRegen  0.12/turn              m - ring of fire {rF+, rC-}
MPRegen  0.10/turn              (no ring)

@: brilliant, hasted, very quick
A: high mp 1
a: no special abilities


You were on level 3 of the Dungeon.
You were not hungry.

You visited 1 branch of the dungeon, and saw 3 of its levels.

You collected 77 gold pieces.

Inventory:

Hand Weapons
 a - a +0 flail
 i - a +0 dagger of speed
   (You took it off a goblin on level 1 of the Dungeon)
 j - a +5 club (weapon)
   (You took it off Jessica on level 2 of the Dungeon)
Missiles
 o - 18 poisoned darts (quivered)
Armour
 b - a +0 scale mail (worn)
 c - a +0 shield (worn)
Jewellery
 e - a +2 ring of strength {unknown}
   (You found it on level 1 of the Dungeon)
 m - a ring of fire (left hand) {rF+, rC-}
   (You found it on level 2 of the Dungeon)
Scrolls
 l - 2 scrolls of identify
Comestibles
 f - 3 rations


   Skills:
 + Level 3.3 Fighting
 + Level 2.5 Maces & Flails
 + Level 3.2 Armour
 + Level 1.5 Dodging
 + Level 3.3 Shields


You had 3 spell levels left.
You didn't know any spells.
Your spell library was empty.

Dungeon Overview and Level Annotations

Branches:
Dungeon (3/15)

Annotations:
D:3 Grinder


Innate Abilities, Weirdness & Mutations

You have an increased reservoir of magic. (+10% MP)


Message History

You can move again.
You take 11 damage, and have 27/38 hp.
MASSIVE DAMAGE!!
Grinder gestures at you.
You barely resist. Grinder gestures at you.
You suddenly lose the ability to move!
The quokka bites you but does no damage. x2
The quokka bites you. The quokka bites you. Grinder hits you.
You writhe in agony.
The quokka bites you but does no damage.
Grinder hits you.
You writhe in agony.
You can move again.
You take 14 damage, and have 14/38 hp.
MASSIVE DAMAGE!!
Unknown command.
You block the quokka's attack.
You aren't carrying any items that you can evoke.
It was a potion of haste.
You feel yourself speed up. The quokka barely misses you.
It was a potion of lignification.
You turn into a tree.
Your +0 scale mail melds into your body.
Your roots penetrate the ground.
The quokka bites you but does no damage.
You now have 23/57 hp.
You closely miss the quokka. The quokka completely misses you.
You hit the quokka.
The quokka bites you but does no damage.
Your shield prevents you from hitting the quokka.
The quokka bites you but does no damage. x2
You hit the quokka.
Grinder blinks!
You hit the quokka. You block the quokka's attack.
You hit the quokka.
You kill the quokka!
Grinder gestures at you.
You suddenly lose the ability to move!
Grinder gestures at you.
You shrug off the repeated paralysis!
The rat bites you but does no damage. The rat barely misses you.
The rat bites you but does no damage. Grinder hits you.
The rat bites you but does no damage. Grinder hits you.
You can move again.
You take 2 damage, and have 21/57 hp.
You hit Grinder. You block the rat's attack. Grinder hits you.
You take 3 damage, and have 18/57 hp.
You closely miss Grinder. You block the rat's attack.
You hit Grinder. Grinder hits you but does no damage.
You block the rat's attack.
You closely miss Grinder. You block Grinder's attack.
You closely miss Grinder. The rat bites you but does no damage.
You block Grinder's attack.
Your shield prevents you from hitting Grinder.
Your transformation is almost over.
The rat bites you but does no damage. Grinder hits you but does no damage.
It was a potion of flight.
Your roots keep you in place.
You block the rat's attack.
You closely miss Grinder. You block Grinder's attack.
The rat bites you but does no damage.
You sock Grinder! You block Grinder's attack. You block the rat's attack.
Your shield prevents you from hitting Grinder.
Grinder completely misses you. The rat bites you but does no damage.
You hit Grinder. Grinder hits you.
* * * LOW HITPOINT WARNING * * *
You take 5 damage, and have 14/57 hp.
You barely miss Grinder. You block the rat's attack.
Grinder hits you but does no damage.
It was a potion of brilliance.
You feel clever all of a sudden. The rat bites you but does no damage.
You hit Grinder.
Grinder says, "Wait up."
Grinder hits you but does no damage. The rat barely misses you.
Okay, then.
Unknown command.
Unknown command.
You hit Grinder. Grinder hits you but does no damage.
You block the rat's attack.
You hit Grinder. You block Grinder's attack.
You closely miss Grinder.
You feel less wooden.
Your +0 scale mail unmelds from your body.
You block the rat's attack. Grinder closely misses you.
You now have 10/38 hp.
As you read the scroll labeled ZIK ITOKKABB, it crumbles to dust.
It is a scroll of identify.
g - a scroll of fear You block the rat's attack.
As you read the scroll of fear, it crumbles to dust.
You assume a fearsome visage.
Grinder is unaffected.
The rat looks frightened!
You block Grinder's attack.
As you read the scroll labeled YCHENA FOCO, it crumbles to dust.
You feel aware of your surroundings.
It was a scroll of magic mapping.
You block Grinder's attack.
You hit Grinder. You hit Grinder. You block Grinder's attack.
You barely miss Grinder. Grinder hits you.
* * * LOW HITPOINT WARNING * * *
You writhe in agony.
You die...

,,,*
#%......(#.,$..#*****
,,,* #.....#..!#..#.#
,,,* *#...#.#(..#...#
,,,* #....#.....#,,*
,,,* *#.......#..#,*
**** #............#
###.##.#######
#.######...#
#r...@5....#
########...#
##.############
#.............
##############
*,,..... *,,.....
***#####


You could see Grinder and a rat (fleeing).

Vanquished Creatures
  Jessica (D:2)
  An adder (D:2)
  4 gnolls (D:2)
  An ooze (D:1)
  2 worms
  A dart slug (D:1)
  3 ball pythons (D:1)
  A giant cockroach (D:1)
  4 hobgoblins
  A quokka (D:3)
  6 bats (D:1)
  5 frilled lizards
  5 goblins (D:1)
  2 kobolds
  4 rats
41 creatures vanquished.

Notes
Turn   | Place    | Note
-------+----------+-------------------------------------------
     0 | D:1      | mhoghedin the Demigod Fighter began the quest for the Orb.
     0 | D:1      | Reached XP level 1. HP: 18/18 MP: 3/3
   239 | D:1      | Reached skill level 2 in Maces & Flails
   239 | D:1      | Reached XP level 2. HP: 17/25 MP: 4/4
   519 | D:1      | Reached skill level 3 in Shields
   885 | D:1      | Reached skill level 3 in Fighting
   885 | D:1      | Reached skill level 3 in Armour
   885 | D:1      | Reached XP level 3. HP: 31/31 MP: 5/5
   955 | D:2      | Reached skill level 1 in Dodging
  1002 | D:2      | Noticed Jessica
  1009 | D:2      | Killed Jessica
  1207 | D:2      | Reached XP level 4. HP: 27/38 MP: 6/6
  1218 | D:2      | HP: 9/38 [poisoned by a gnoll]
  1226 | D:2      | HP: 8/38 [poisoned by a gnoll]
  1978 | D:3      | Noticed Grinder
  1982 | D:3      | Paralysed by Grinder for 7 turns
  1990 | D:3      | Paralysed by Grinder for 5 turns
  2007 | D:3      | Paralysed by Grinder for 5 turns
  2023 | D:3      | HP: 14/57 [Grinder (5)]
  2035 | D:3      | HP: 4/38 [Grinder (6)]
  2035 | D:3      | Slain by Grinder

Levels and vault maps discovered:
D:1:      dpeg_arrival_fog, layout_loops_corners
D:2:      layout_loops_ring, uniq_jessica
D:3:      layout_basic, first_ration, hangedman_decor_opposing, uniq_grinder,
          uniq_ijyb, uniq_robin, uniq_sigmund

Skill      XL: |  1  2  3 |
---------------+----------+-----
Maces & Flails | 2 |  2.5
Shields        | 3 |  3.3
Fighting       | 3 |  3.3
Armour         | 3 |  3.2
Dodging        | 1 |  1.5

Action                   |  1- 3 |  4- 6 || total
-------------------------+-------+-------++-------
Melee: Flail             |    57 |       ||    57
       Dagger            |    48 |       ||    48
       Club              |    12 |    44 ||    56
Throw: Dart              |       |    12 ||    12
  Use: Potion            |       |     5 ||     5
       Scroll            |       |     3 ||     3
  Eat: Ration            |       |     1 ||     1
Armor: Scale mail        |    58 |    15 ||    73
       Skin              |       |    17 ||    17
Dodge: Dodged            |    32 |    10 ||    42
Block: Shield            |    57 |    30 ||    87

Table legend:
 A = Non-vault XP
 B = Vault XP
 C = Vault XP percentage of total XP
 D = Non-vault monster count
 E = Vault monster count
 F = Vault count percentage of total count
                 A         B        C        D         E       F
            +---------+---------+-------+---------+---------+-------
      Total |     138 |      37 |  21.1 |      40 |       1 |   2.4
            +---------+---------+-------+---------+---------+-------
        D:1 |      49 |       0 |   0.0 |      28 |       0 |   0.0
        D:2 |      81 |      37 |  31.4 |       9 |       1 |  10.0
        D:3 |       8 |       0 |   0.0 |       3 |       0 |   0.0
            +---------+---------+-------+---------+---------+-------

Levels and vault maps discovered:
D:1:      dpeg_arrival_fog, layout_loops_corners
D:2:      layout_loops_ring, uniq_jessica
D:3:      layout_basic, first_ration, hangedman_decor_opposing, uniq_grinder,
          uniq_ijyb, uniq_robin, uniq_sigmund

Table legend:
 A = Turns spent in this place as a percentage of turns spent in the entire game.
 B = Non-inter-level travel turns spent in this place as a percentage of non-inter-level travel turns spent in the entire game.
 C = Inter-level travel turns spent in this place as a percentage of turns spent in this place.
 D = Turns resting spent in this place as a percentage of non-inter-level travel turns spent in this place.
 E = Turns spent auto-exploring this place as a percentage of non-inter-level travel turns spent in this place.
 F = Non-inter-level travel turns spent in this place divided by the number of levels of this place that you've seen.
                   A       B       C       D       E      F
               +-------+-------+-------+-------+-------+----------------------
         Total | 100.0 | 100.0 |   3.8 |  20.8 |  60.2 | 652.7
       Dungeon | 100.0 | 100.0 |   3.8 |  20.8 |  60.2 | 652.7
               +-------+-------+-------+-------+-------+----------------------

Table legend:
 A = Kills in this place as a percentage of kills in entire the game.
 B = Kills by you in this place as a percentage of kills by you in the entire game.
 C = Kills by friends in this place as a percentage of kills by friends in the entire game.
 D = Other kills in this place as a percentage of other kills in the entire game.
 E = Experience gained in this place as a percentage of experience gained in the entire game.
 F = Experience gained in this place divided by the number of levels of this place that you have seen.
                   A       B       C       D       E      F
               +-------+-------+-------+-------+-------+----------------------
         Total | 100.0 | 100.0 |   N/A |   N/A | 100.0 |  58.3
       Dungeon | 100.0 | 100.0 |   N/A |   N/A | 100.0 |  58.3
               +-------+-------+-------+-------+-------+----------------------
